 Dungeon Crawl Stone Soup version 0.17-a0-1078-g243345b (webtiles) character file.

163 Raurakos the Insei (level 5, -3/25 HPs)
             Began as a Vine Stalker Transmuter on May 19, 2015.
             Slain by a gnoll
             ... wielding a +0 halberd
              (8 damage)
             ... on level 2 of the Dungeon.
             The game lasted 00:11:38 (2308 turns).

Raurakos the Insei (Vine Stalker Transmuter)        Turns: 2308, Time: 00:11:38

Health: -3/25      AC:  5    Str: 13    XL:     5   Next: 44%
Magic:  0/9        EV: 12    Int: 16    God:
Gold:   81         SH:  0    Dex: 15    Spells: 2 memorised, 4 levels left

rFire  + . .     SeeInvis .       - Unarmed
rCold  + . .     Clarity  .     e - +1 leather armour {rF+}
rNeg   . . .     SustAb   .     (no shield)
rPois  .         Gourm    .     (no helmet)
rElec  .         Spirit   +     (no cloak)
rCorr  .         Warding  .     (no gloves)
rMut   .         Stasis   .     h - +0 pair of boots
MR     .....                    (no amulet)
Stlth  +.........               t - +3 ring of intelligence
                                m - ring of protection from cold

@: not resistant to hostile enchantments, very unstealthy
A: fangs 2, regeneration 1, magic shield, antimagic bite, no device heal 3, rot
immunity
a: no special abilities


You were on level 2 of the Dungeon.
You were not hungry.

You visited 1 branch of the dungeon, and saw 3 of its levels.

You collected 81 gold pieces.

Inventory:

Missiles
 a - 28 arrows
 g - 17 stones (quivered)
Armour
 e - a +1 leather armour of fire resistance (worn)
 h - a +0 pair of boots (worn)
Jewellery
 m - a ring of protection from cold (left hand)
 t - a +3 ring of intelligence (right hand)
Scrolls
 b - a scroll of enchant armour {unknown}
 i - a scroll of magic mapping {unknown}
 j - 3 scrolls of identify {unknown}
 k - 2 scrolls of remove curse
 s - a scroll of immolation {unknown}
Potions
 f - 2 potions of heal wounds {unknown}
 n - a potion of haste {unknown}
 p - a potion of might {unknown}
 r - a potion of poison {unknown}
 v - a potion of curing {unknown}
Books
 c - a book of Changes

   Spells                             Type                      Level
   a - Beastly Appendage              Transmutation                1
   b - Sticks to Snakes               Transmutation                2
   c - Spider Form                    Transmutation/Poison         3
   d - Ice Form                       Ice/Transmutation            4
   e - Blade Hands                    Transmutation                5
Comestibles
 d - 3 bread rations
 l - 2 meat rations
 o - a beef jerky
 q - a slice of pizza
 u - 5 chunks of flesh


   Skills:
 - Level 0.8 Fighting
 - Level 1.5 Dodging
 - Level 6.0 Unarmed Combat
 - Level 2.1 Spellcasting
 + Level 2.0 Transmutations


You had 4 spell levels left.
You knew the following spells:

 Your Spells              Type           Power        Failure   Level  Hunger
a - Beastly Appendage     Trmt           #.....       12%         1    #......
b - Spider Form           Trmt/Pois      #.........   54%         3    ###....


Dungeon Overview and Level Annotations

Branches:
Dungeon (3/15)

Altars:

Annotations:
D:3 exclusion: 4 doors


Innate Abilities, Weirdness & Mutations

You have extremely sharp teeth.
Your natural rate of healing is unusually fast.
When hurt, damage is shared between your health and your magic reserves.
Your bite disrupts and absorbs the magic of your enemies.
Potions and wands cannot restore your health.
You are immune to rotting.


Message History

The gnoll hits you with a halberd.
There is a stone staircase leading up, spattered with blood here.
The gnoll hits you with a halberd!
You climb upwards.
There is a stone staircase leading down here.
You hit the gnoll. You bite the gnoll. You drain its power.
You feel invigorated.
The gnoll is moderately wounded.
The gnoll hits you with a halberd!
You hit the gnoll but do no damage. Your bite misses the gnoll.
The gnoll is moderately wounded.
The gnoll hits you with a halberd.
* * * LOW HITPOINT WARNING * * *
You hit the gnoll.
The gnoll is moderately wounded.
You hit the gnoll. Your punch misses the gnoll.
You bite the gnoll, but do no damage.
The gnoll is heavily wounded.
The gnoll hits you with a halberd!
You die...

.# ##.##### #)# #..)... .# #.#
#.# ###...# .# #.# ##'## #..##
.# #.# ##...## #.... .# #.####
##.....## ###.## .# #.##.##
##.......## ##.#.#
.####.#...####......<..####....#
.............'.g...)...'..)....#
####......####..@......####....#
#.....## ##.......## ##.#.#
#....## ##.....## ###.# ####.#
##...## #.# #.# ##'## #.# #.#
#.# #.# #.# #.# #.# #.# ##.##
#.# #)#########...## #.#


You could see a gnoll.

Vanquished Creatures
  3 adders
  7 gnolls
  A worm (D:2)
  An orc (D:3)
  13 bats
  8 hobgoblins
  10 jackals
  A ball python (D:2)
  3 giant cockroaches
  2 giant geckos (D:2)
  A giant newt (D:1)
  6 goblins
  9 kobolds
  2 rats (D:1)
67 creatures vanquished.

Notes
Turn   | Place    | Note
--------------------------------------------------------------
     0 | D:1      | Raurakos the Vine Stalker Transmuter began the quest for the Orb.
     0 | D:1      | Reached XP level 1. HP: 9/9 MP: 4/4
    47 | D:1      | Reached XP level 2. HP: 14/14 MP: 4/6
   306 | D:1      | Reached skill level 4 in Unarmed Combat
   335 | D:1      | Reached XP level 3. HP: 15/17 MP: 5/7
   860 | D:1      | Learned a level 3 spell: Spider Form
  1101 | D:1      | Reached XP level 4. HP: 9/21 MP: 4/8
  1403 | D:2      | Reached skill level 5 in Unarmed Combat
  1918 | D:3      | Reached XP level 5. HP: 23/25 MP: 9/9
  2290 | D:3      | Reached skill level 6 in Unarmed Combat
  2308 | D:2      | Slain by a gnoll

Vault maps used:
D:1:      sevenhm_arrival_forest_fort_small_6
D:3:      lemuel_castle_with_subvaults, uniq_grinder, uniq_jessica

Action                   |  1- 3 |  4- 6 || total
-------------------------+-------+-------++-------
Melee: Unarmed           |   122 |   111 ||   233
Throw: Stone             |       |     6 ||     6
  Use: Scroll            |       |     1 ||     1
 Stab: Sleeping          |       |     1 ||     1
  Eat: Chunk             |     1 |     4 ||     5
